 Dungeon Crawl Stone Soup version 0.31.0-7-gf635a9b802 (webtiles) character file.

Game seed: 17882563845018399145

2132 Crownlay the Grappler (level 9, 0/88 HPs)
             Began as a Troll Berserker on Jan 23, 2024.
             Was a Priest of Trog.
             Slain by a wight
             ... wielding a +0 scimitar
              (11 damage)
             ... on level 7 of the Dungeon.
             The game lasted 00:05:35 (4834 turns).

Crownlay the Grappler (Troll Berserker)             Turns: 4834, Time: 00:05:36

Health: 0/88       AC:  5    Str: 31    XL:     9   Next: 9%
Magic:  8/8        EV: 10    Int:  3    God:    Trog [***...]
Gold:   192        SH:  5    Dex:  9    Spells: 8/8 levels left

rFire   . .          .
                       - Unarmed
rCold   + . .        (no shield)
rNeg    . . .        a - +0 animal skin
rPois   .            (helmet restricted)
rElec   .            l - +0 cloak
rCorr   .            (gloves unavailable)
SInv    .            (boots unavailable)
Will    .....        h - amulet of reflection
Stlth   +            v - ring of protection from cold
HPRegen 1.14/turn    (no ring)
MPRegen 0.11/turn

%: reflection
@: on berserk cooldown, slowed, very slow
A: large, unfitting armour, claws 3, regeneration 1, shaggy fur 1, tough skin 1
a: Renounce Religion, Berserk, Trog's Hand


You were on level 7 of the Dungeon.
You worshipped Trog.
Trog was most pleased with you.
You visited 2 branches of the dungeon, and saw 8 of its levels.

You collected 192 gold pieces.

Inventory:

Missiles
 y - 2 throwing nets (quivered)
Armour
 a - a +0 animal skin (worn)
 l - a +0 cloak (worn)
Jewellery
 h - an amulet of reflection (around neck)
 v - a ring of protection from cold (left claw)
Wands
 n - a wand of flame (56)
 w - a wand of roots (15)
Scrolls
 c - 4 scrolls of teleportation {unknown}
 i - a scroll of blinking {unknown}
 k - a scroll of vulnerability {unknown}
 o - 3 scrolls of identify {unknown}
 p - 2 scrolls of revelation {unknown}
 q - 4 scrolls of poison {unknown}
 u - 2 scrolls of torment {unknown}
 x - a scroll of enchant armour {unknown}
 z - a scroll of fog {unknown}
Potions
 b - 3 potions of invisibility {unknown}
 d - 4 potions of enlightenment {unknown}
 e - 5 potions of heal wounds {unknown}
 f - 3 potions of haste {unknown}
 g - 2 potions of cancellation {unknown}
 j - 2 potions of magic {unknown}
 m - 2 potions of ambrosia {unknown}
 r - a potion of curing {unknown}
 s - a potion of attraction {unknown}
 t - 3 potions of might {unknown}
 A - a potion of brilliance {unknown}
 B - a potion of mutation {unknown}
 C - 2 potions of resistance {unknown}


   Skills:
 + Level 5.5 Fighting
 + Level 4.8 Armour
 - Level 2.4 Dodging
 * Level 9.1 Unarmed Combat


You had 8 spell levels left.
You didn't know any spells.
Your spell library was empty.

Dungeon Overview and Level Annotations

Branches:
Dungeon (7/15)             Temple (1/1) D:6

Altars:
Ashenzari
Cheibriados
Dithmenos
Elyvilon
Gozag
Hepliaklqana
Kikubaaqudgha
Nemelex Xobeh
Okawaru
Qazlal
Ru
Sif Muna
Trog
Uskayaw
Vehumet
Wu Jian
Yredelemnul
Zin
The Shining One

Shops:
D:1 *


Innate Abilities, Weirdness & Mutations

You are too large for most types of armour.
You have claws for hands.
Your natural rate of healing is unusually fast.
You are covered in fur. (AC +1)
You have tough skin. (AC +1)


Message History

You feel drained. The wight hits you with a +0 scimitar!
* * * LOW HITPOINT WARNING * * *
You mangle the water moccasin!!
You kill the water moccasin!
Trog accepts your kill.
Your life force feels restored.
Your Unarmed Combat skill increases to level 9!
You have reached level 9!
Your experience leads to an increase in your attributes!
Increase (S)trength, (I)ntelligence, or (D)exterity?
You feel stronger. x3
You closely miss the wight. The wight hits you with a +0 war axe.
* * * LOW HITPOINT WARNING * * *
The wight hits you with a +0 scimitar.
* * * LOW HITPOINT WARNING * * *
You barely miss the wight. You claw the wight!
You destroy the wight!
Trog accepts your kill.
You closely miss the wight. You claw the wight!
You destroy the wight!
Trog accepts your kill. The wight hits you with a +0 scimitar!
* * * LOW HITPOINT WARNING * * *
You scratch the wight.
The wight is moderately damaged.
You claw the wight!
The wight is almost destroyed.
The wight barely misses you.
You barely miss the wight.
The wight is almost destroyed.
The wight misses you.
You closely miss the wight.
The wight is almost destroyed.
You are no longer berserk.
You are exhausted.
You feel yourself slow down.
You scratch the wight but do no damage.
The wight is almost destroyed.
The wight hits you with a +0 scimitar!
You die...

#### .... #### .....
...# . .....
'#######+.####### ......
#...#...#.......##......
#...#...#........).....#
#...)...#.......@).....#
###†_.###.......†z......
#.......#######'##......
#...#.).#....§$.##......
#..^#.))#...............
+#######'.....:.........
........................
#.......#..............#
+.......#............<.


You could see a wight.

Vanquished Creatures
  2 humans (D:7)
  Eustachio (D:6)
  A steam dragon (D:7)
  A water moccasin (D:7)
  2 ice beasts
  An orc warrior (D:7)
  A centaur (D:5)
  A gnoll sergeant (D:7)
  2 scorpions (D:5)
  2 wights (D:7)
  A hound (D:4)
  A jelly (D:5)
  A gnoll bouda (D:5)
  2 orc priests
  Crazy Yiuf (D:2)
  3 iguanas (D:4)
  5 orc wizards
  2 sleepcaps
  Robin (D:4)
  14 gnolls
  7 adders
  A white imp (D:6)
  2 ufetubi (D:6)
  3 dart slugs
  7 ribbon worms
  17 orcs
  6 bats
  6 endoplasms
  3 giant cockroaches
  14 goblins
  13 hobgoblins
  4 jackals
  5 kobolds
  2 quokkas
  6 ball pythons
  4 frilled lizards
  4 rats
149 creatures vanquished.

Vanquished Creatures (others)
  A bullfrog (D:7)
  An orc (D:7)
2 creatures vanquished.

Grand Total: 151 creatures vanquished

Notes
Turn   | Place    | Note
-------+----------+-------------------------------------------
     0 | D:1      | Crownlay the Troll Berserker began the quest for the Orb.
     0 | D:1      | Reached XP level 1. HP: 22/22 MP: 0/0
   202 | D:1      | Reached XP level 2. HP: 22/29 MP: 1/1
   260 | D:1      | Found Immimuno's Assorted Antiques.
   599 | D:1      | Reached ** piety under Trog
   652 | D:2      | Reached XP level 3. HP: 36/36 MP: 2/2
   668 | D:2      | Reached skill level 1 in Armour
   770 | D:2      | Reached skill level 4 in Unarmed Combat
   772 | D:2      | Reached XP level 4. HP: 44/44 MP: 3/3
  1041 | D:2      | Found a stormy altar of Qazlal.
  1230 | D:2      | Found a runed translucent door.
  1231 | D:2      | Noticed Crazy Yiuf
  1382 | D:2      | Killed Crazy Yiuf
  1559 | D:3      | Found a stormy altar of Qazlal.
  1857 | D:3      | Reached XP level 5. HP: 53/53 MP: 4/4
  2099 | D:4      | Reached skill level 5 in Unarmed Combat
  2110 | D:4      | Reached *** piety under Trog
  2129 | D:4      | Noticed Robin
  2135 | D:4      | Killed Robin
  2190 | D:4      | Reached XP level 6. HP: 61/61 MP: 5/5
  2378 | D:4      | Found a snail-covered altar of Cheibriados.
  3019 | D:5      | Entered Level 5 of the Dungeon
  3159 | D:5      | Reached skill level 6 in Unarmed Combat
  3171 | D:5      | Reached XP level 7. HP: 61/68 MP: 6/6
  3270 | D:5      | Found a basalt altar of Yredelemnul.
  3632 | D:6      | Found a white marble altar of Elyvilon.
  3632 | D:6      | Found a sparkling altar of Nemelex Xobeh.
  3693 | D:6      | Found a glowing golden altar of the Shining One.
  3727 | D:6      | Noticed Eustachio
  3741 | D:6      | Killed Eustachio
  3742 | D:6      | Reached skill level 7 in Unarmed Combat
  3890 | D:6      | Reached XP level 8. HP: 79/79 MP: 7/7
  3984 | D:6      | Found a radiant altar of Vehumet.
  3994 | D:6      | Found an ancient bone altar of Kikubaaqudgha.
  4006 | D:6      | Found a shimmering blue altar of Sif Muna.
  4154 | D:6      | Found a staircase to the Ecumenical Temple.
  4426 | Temple   | Entered the Ecumenical Temple
  4486 | D:7      | Found an iron altar of Okawaru.
  4510 | D:7      | HP: 5/118 [human/+0 long sword (13)]
  4512 | D:7      | Reached skill level 5 in Fighting
  4512 | D:7      | Reached skill level 8 in Unarmed Combat
  4715 | D:7      | Found a sacrificial altar of Ru.
  4732 | D:7      | Reached **** piety under Trog
  4827 | D:7      | Reached skill level 9 in Unarmed Combat
  4827 | D:7      | Reached XP level 9. HP: 31/88 MP: 8/8
  4834 | D:7      | Slain by a wight

Illustrated notes

Levels and vault maps discovered:
D:1:      co_arrival_square_in_a_square_in_a_square, layout_rooms, serial_shops,
          shop, chequers_serial_rivers_micro_c, kennysheep_crisscross,
          columned_hall_lemuel, minmay_surrounded
D:2:      layout_loops_ring, basic_altar, minmay_tromino_v4_a,
          uniq_crazy_yiuf_cottage
D:3:      layout_loops_ring, mainiacjoe_overflow_six_doors_small
D:4:      layout_layer_cave, cheibrodos_worm_habitat, uniq_robin
D:5:      layout_basic, yredelemnul_altar_generic
D:6:      minmay_klotski, layout_loops_corners, palyth_temple_overflow_mages,
          mainiacjoe_overflow_boulevard, gammafunk_temple_overflow_wave,
          temple_fountains, uniq_eustachio, uniq_maggie
D:7:      cheibrodos_two_vegetables, layout_gridville,
          nicolae_ru_great_annihilating_truth, okawaru_humans
Temple:   nicolae_temple_superstar

Skill      XL: |  1  2  3  4  5  6  7  8 |
---------------+-------------------------+-----
Armour         | 1 2 3 4 |  4.8
Unarmed Combat | 4 5 6 7 9 |  9.1
Fighting       | 3 4 5 |  5.5
Dodging        | |  2.4

Action                     |  1- 3 |  4- 6 |  7- 9 || total
---------------------------+-------+-------+-------++-------
  Melee: Unarmed           |    84 |   166 |   158 ||   408
         Punch             |     1 |     7 |     6 ||    14
 Invoke: Berserk           |       |     2 |     4 ||     6
         Trog's Hand       |       |     1 |     3 ||     4
   Stab: Paralysed         |       |       |     1 ||     1
         Sleeping          |       |       |     1 ||     1
 Armour: Animal skin       |    58 |    93 |   126 ||   277
  Dodge: Dodged            |    38 |    78 |    69 ||   185
  Block: Other             |     7 |    23 |    37 ||    67
         Reflection        |       |       |     1 ||     1
